 Dungeon Crawl Stone Soup version 0.30.0-10-gfe55d96785 (webtiles) character file.

Game seed: 15274461731389599712

28 LonelyCrow the Shooter (level 3, 0/27 HPs)
             Began as a Human Hunter on May 16, 2023.
             Slain by Terence
             ... wielding a +0 morningstar
              (4 damage)
             ... on level 2 of the Dungeon.
             The game lasted 00:23:42 (665 turns).

LonelyCrow the Shooter (Human Hunter)                Turns: 665, Time: 00:23:43

Health: 0/27       AC:  5    Str: 11    XL:     3   Next: 30%
Magic:  3/3        EV: 11    Int:  9    God:
Gold:   28         SH:  0    Dex: 18    Spells: 2/2 levels left

rFire   . . .        a - +0 shortbow
rCold   . . .        (shield currently unavailable)
rNeg    . . .        f - +0 ring mail
rPois   .            (no helmet)
rElec   .            (no cloak)
rCorr   .            (no gloves)
SInv    .            (no boots)
Will    .....        (no amulet)
Stlth   +            (no ring)
HPRegen 0.24/turn    (no ring)
MPRegen 0.08/turn

%: no passive effects
@: no status effects
A: no striking features
a: no special abilities


You were on level 2 of the Dungeon.
You visited 1 branch of the dungeon, and saw 2 of its levels.

You collected 28 gold pieces.

Inventory:

Hand Weapons
 a - a +0 shortbow (weapon)
 j - a +2 heavy hand axe
 s - a +0 dagger
Armour
 c - a +0 leather armour
 f - a +0 ring mail (worn)
Scrolls
 b - a scroll of immolation
 d - a scroll of enchant armour {unknown}
 e - a scroll of identify
 h - a scroll of fear {unknown}
Potions
 g - a potion of degeneration {unknown}
 i - a potion of mutation
 k - a potion of attraction {unknown}
 l - a potion of curing {unknown}


   Skills:
 + Level 2.2 Fighting
 + Level 4.7 Ranged Weapons
 + Level 0.4 Armour
 + Level 2.1 Dodging
 + Level 1.0 Stealth


You had 2 spell levels left.
You didn't know any spells.
Your spell library was empty.

Dungeon Overview and Level Annotations

Branches:
Dungeon (2/15)

Altars:

Annotations:
D:2 Terence


Message History

The quokka barely misses you.
You shoot an arrow.
The arrow hits the quokka but does no damage.
The quokka closely misses you. The quokka barely misses you.
You shoot an arrow. The arrow hits the quokka.
You kill the quokka!
You shoot an arrow. The arrow hits the frilled lizard.
You kill the frilled lizard!
You now have 28 gold pieces (gained 13).
You see here a +0 short sword.
You see here a +0 robe.
Press: ? - help, v - describe, . - travel The floor.
You see here a hobgoblin skeleton.
You see here a +0 hand axe.
There is a stone staircase leading down here.
Unknown command.
You climb downwards.
Found a scroll labelled WITEEXZ YCWUNO.
There is a stone staircase leading up here.
Terence screams, "I want your blood!"
You shoot an arrow.
The arrow hits Terence but does no damage.
You shoot an arrow. The arrow completely misses Terence.
Terence barely misses you.
You shoot an arrow. The arrow barely misses Terence.
Terence barely misses you. Terence hits you with a +0 morningstar!
You shoot an arrow.
The arrow hits Terence but does no damage.
Terence hits you with a +0 morningstar! Terence barely misses you.
As you read the scroll labelled GECKIA SAIRPHUNK, it crumbles to dust.
It is a scroll of identify.
i - a potion of mutation Terence hits you with a +0 morningstar.
* * * LOW HITPOINT WARNING * * *
Terence hits you with a +0 morningstar.
* * * LOW HITPOINT WARNING * * *
Terence attacks as you move away! Terence hits you with a +0 morningstar.
You die...

......###.
..........
.....#..##
#.......
...#..##
##.#...#
#......#
#...@.<#
#...@..#
#......#
#......#
#..?...#
#......#
#......#
#......#
#......#


You could see Terence.

Vanquished Creatures
  A dart slug (D:1)
  2 ball pythons (D:1)
  An endoplasm (D:1)
  A giant cockroach (D:1)
  3 goblins (D:1)
  2 hobgoblins (D:1)
  4 jackals (D:1)
  A kobold (D:1)
  3 quokkas (D:1)
  2 frilled lizards (D:1)
  2 rats (D:1)
22 creatures vanquished.

Notes
Turn   | Place    | Note
-------+----------+-------------------------------------------
     0 | D:1      | LonelyCrow the Human Hunter began the quest for the Orb.
     0 | D:1      | Reached XP level 1. HP: 16/16 MP: 1/1
    54 | D:1      | Reached XP level 2. HP: 22/22 MP: 2/2
   183 | D:1      | Found a faded altar of an unknown god.
   259 | D:1      | Reached XP level 3. HP: 25/27 MP: 3/3
   652 | D:2      | Noticed Terence
   665 | D:2      | Slain by Terence

Illustrated notes

Levels and vault maps discovered:
D:1:      erik_arrival_orb_chamber, layout_rooms,
          shapermc_ecumenical_altar_ellora
D:2:      layout_basic, minmay_door_square, uniq_terence

Action                     || total
---------------------------++-------
  Melee: Hand axe          ||     3
   Fire: Shortbow          ||    59
  Throw: Stone             ||     1
    Use: Scroll            ||     1
 Armour: Ring mail         ||     6
  Dodge: Dodged            ||    15
